 Dungeon Sprint DCSS version 0.20.1-1-g8b1a95d (webtiles) character file.

1475 equalderp2856 the Protected (level 8, -6/82 HPs)
             Began as a Minotaur Fighter on Oct 11, 2017.
             Was an Initiate of Gozag.
             Mangled by a demonic crawler (10 damage)
             ... while paralysed
             ... in the Dungeon (Sprint I: "Red Sonja").
             The game lasted 00:01:34 (994 turns).

equalderp2856 the Protected (Minotaur Fighter)       Turns: 994, Time: 00:01:35

Health: -6/82      AC:  9    Str: 22    XL:     8   Next: 49%
Magic:  7/7        EV:  2    Int:  5    God:    Gozag
Gold:   441        SH:  0    Dex: 11    Spells: 7/7 levels left

rFire    . . .     SeeInvis .   a - +0 war axe
rCold    . . .     Gourm    .   c - +0 shield
rNeg     . . .     Faith    .   b - +0 scale mail
rPois    .         Spirit   .   (helmet restricted)
rElec    .         Reflect  .   (no cloak)
rCorr    .         Harm     .   (no gloves)
MR       .....     NoTele   +   (no boots)
Stlth    ..........             (no amulet)
Regen    0.3/turn               (no ring)
MPRegen  0.1/turn               (no ring)

@: paralysed, gold aura, berserk cooldown, slowed
A: retaliatory headbutt, horns 2
a: Potion Petition, Call Merchant, Bribe Branch, Renounce Religion


You were in the Dungeon.
You worshipped Gozag.
Gozag was aware of your devotion.
You were not hungry.

You visited 1 branch You collected 441 gold pieces.

Inventory:

Hand Weapons
 a - a +0 war axe (weapon)
Armour
 b - a +0 scale mail (worn)
 c - a +0 shield (worn)
Wands
 l - a wand of random effects (27/48)
Scrolls
 k - a scroll of blinking
 n - a scroll of remove curse {unknown}
Potions
 d - a potion of might
 e - a potion of curing
 g - a potion of heal wounds
 h - a potion of haste
 i - 2 potions of magic
Books
 m - a book of Alchemy

   Spells                             Type                      Level
   a - Sublimation of Blood           Necromancy                   2
   b - Ignite Poison                  Fire/Transmutation/Poison    3
   c - Petrify                        Transmutation/Earth          4
   d - Alistair's Intoxication        Transmutation/Poison         5
   e - Irradiate                      Conjuration/Transmutation    5
Comestibles
 f - a bread ration


   Skills:
 + Level 11.4 Fighting
 + Level 11.1 Axes
 + Level 11.7 Armour
 + Level 4.0 Dodging
 + Level 0.5 Stealth
 + Level 11.6 Shields


You had 7 spell levels left.
You didn't know any spells.

Dungeon Overview and Level Annotations

Branches:
Dungeon (1/1)

Altars:
Cheibriados
Dithmenos
Elyvilon
Fedhas
Gozag
Hepliaklqana
Kikubaaqudgha
Makhleb
Nemelex Xobeh
Okawaru
Qazlal
Ru
Sif Muna
Trog
Uskayaw
Vehumet
Xom
Yredelemnul
Zin
The Shining One
Jiyva
Lugonu

Shops:
D }


Innate Abilities, Weirdness & Mutations

You reflexively headbutt those who attack you in melee.
You have a pair of horns on your head.


Message History

Press < or > to pray at altars.
You feel a strong urge to attack something.
There is an open door here.
Unknown command.
An arrow hits the demonic crawler, but does no damage!
There is an open door here.
You feel your anger subside.
You are no longer berserk.
You pass out from exhaustion.
You feel yourself slow down.
The demonic crawler hits you but does no damage. x2
The demonic crawler hits you.
* * * LOW HITPOINT WARNING * * *
The demonic crawler hits you.
* * * LOW HITPOINT WARNING * * *
The demonic crawler completely misses you.
The demonic crawler hits you but does no damage.
The demonic crawler completely misses you.
The demonic crawler hits you!
You die...
Your body crumbles into a pile of gold.

##########################
#<.#..').#..'..#__#..$...# $
#..').#..').#.ss^.$.$#§..# $
#..#####'#####s#__####...'s.#$
#..####..#...#@####§§#####s.+$
#..#__####..##§#≈§§§c#$$ ##
#..#_____##'#.§§§§§..+
#⌠⌠#_.∩...'..._#§§§.c#$$
####_..__##_.#'##+####
$$#_____###+#.# $ ####### ###
$ $ $ $$ $$ $ $ $ $


You could see 3 demonic crawlers.

Vanquished Creatures
  2 kobold demonologists (D)
  A demonic crawler (D)
  A slime creature (D)
  Sigmund (D)
  A yak (D)
  A floating eye (D)
  An ogre (D)
  A jelly (D)
  Ijyb (D)
10 creatures vanquished.

Vanquished Creatures (others)
  A gargoyle (D)
1 creature vanquished.

Grand Total: 11 creatures vanquished

Notes
Turn   | Place    | Note
-------+----------+-------------------------------------------
     0 | D        | equalderp2856 the Minotaur Fighter began the quest for the Orb.
     0 | D        | Reached XP level 1. HP: 19/19 MP: 0/0
     2 | D        | Noticed Ijyb
    22 | D        | Killed Ijyb
    22 | D        | Reached skill level 5 in Fighting
    22 | D        | Reached skill level 5 in Shields
    22 | D        | Reached XP level 2. HP: 28/29 MP: 1/1
   127 | D        | Noticed an ogre
   132 | D        | Killed an ogre
   132 | D        | Reached skill level 1 in Dodging
   132 | D        | Reached XP level 3. HP: 19/38 MP: 2/2
   132 | D        | Reached XP level 4. HP: 22/45 MP: 3/3
   291 | D        | Noticed Sigmund
   297 | D        | Killed Sigmund
   297 | D        | Reached XP level 5. HP: 33/56 MP: 4/4
   297 | D        | Reached XP level 6. HP: 37/62 MP: 5/5
   569 | D        | Found a deep blue altar of Sif Muna.
   571 | D        | Found a radiant altar of Vehumet.
   667 | D        | Found Isunuoc's Gadget Emporium.
   667 | D        | Found an ancient bone altar of Kikubaaqudgha.
   667 | D        | Found a hazy altar of Hepliaklqana.
   667 | D        | Found a hide-covered altar of Uskayaw.
   667 | D        | Found a basalt altar of Yredelemnul.
   667 | D        | Found an opulent altar of Gozag.
   667 | D        | Found a snail-covered altar of Cheibriados.
   667 | D        | Found a sacrificial altar of Ru.
   667 | D        | Found a shadowy altar of Dithmenos.
   667 | D        | Noticed a yak
   673 | D        | Killed a yak
   674 | D        | Found a stormy altar of Qazlal.
   674 | D        | Found a blossoming altar of Fedhas.
   674 | D        | Found a bloodstained altar of Trog.
   674 | D        | Found an iron altar of Okawaru.
   674 | D        | Found a glowing golden altar of the Shining One.
   674 | D        | Found a glowing silver altar of Zin.
   674 | D        | Found a white marble altar of Elyvilon.
   675 | D        | Found a sparkling altar of Nemelex Xobeh.
   745 | D        | Became a worshipper of Gozag Ym Sagoz the Greedy
   765 | D        | Noticed a centaur warrior
   767 | D        | Noticed a centaur warrior
   772 | D        | Found a burning altar of Makhleb.
   772 | D        | Found a viscous altar of Jiyva.
   772 | D        | Found a shimmering altar of Xom.
   772 | D        | Found a corrupted altar of Lugonu.
   772 | D        | Noticed a slime creature
   780 | D        | Killed a slime creature
   780 | D        | Reached skill level 10 in Fighting
   780 | D        | Reached skill level 10 in Armour
   780 | D        | Reached skill level 10 in Shields
   780 | D        | Reached XP level 7. HP: 52/72 MP: 6/6
   866 | D        | Killed a gargoyle
   954 | D        | Noticed a kobold demonologist
   955 | D        | Noticed a rust devil
   955 | D        | Noticed a kobold demonologist
   955 | D        | Paralysed by a floating eye for 4 turns
   963 | D        | Killed a kobold demonologist
   972 | D        | Killed a kobold demonologist
   972 | D        | Reached skill level 10 in Axes
   972 | D        | Reached XP level 8. HP: 80/82 MP: 7/7
   973 | D        | Noticed a demonic crawler
   973 | D        | Noticed a demonic crawler
   973 | D        | Noticed a demonic crawler
   973 | D        | Noticed a demonic crawler
   986 | D        | Killed a demonic crawler
   993 | D        | HP: 3/82 [demonic crawler (3)]
   994 | D        | Mangled by a demonic crawler

Skill      XL: |  1  2  3  4  5  6  7  8 |
---------------+-------------------------+-----
Fighting       | 5 6 8 10 11 | 11.4
Axes           | 3 4 6 8 10 11 | 11.1
Armour         | 4 6 8 10 11 | 11.7
Shields        | 5 7 8 10 11 | 11.6
Dodging        | 1 2 3 4 |  4.0
Stealth        | |  0.5

Action                   |  1- 3 |  4- 6 |  7- 9 || total
-------------------------+-------+-------+-------++-------
Melee: War axe           |    23 |    21 |    23 ||    67
       Headbutt          |     3 |     6 |     5 ||    14
  Use: Potion            |       |       |     1 ||     1
Armor: Scale mail        |     4 |       |    22 ||    26
Dodge: Dodged            |     8 |     4 |    25 ||    37
Block: Shield            |    12 |     9 |    24 ||    45
